 Dungeon Crawl Stone Soup version 0.17-a0-1230-g8afc29e (webtiles) character file.

154 Malachi the Cudgeler (level 5, -5/33 HPs)
             Began as a Gargoyle Berserker on June 5, 2015.
             Was a Priest of Trog.
             Killed from afar by an orc wizard (6 damage)
             ... with a magic dart
             ... on level 3 of the Dungeon.
             The game lasted 00:03:02 (2029 turns).

Malachi the Cudgeler (Gargoyle Berserker)           Turns: 2029, Time: 00:03:02

Health: -5/33      AC:  6    Str: 22    XL:     5   Next: 35%
Magic:  5/5        EV: 12    Int:  7    God:    Trog [***...]
Gold:   96         SH:  0    Dex:  9    Spells: 0 memorised, 4 levels left

rFire  . . .     SeeInvis .     a - +0 mace
rCold  . . .     Clarity  .     b - +0 animal skin
rNeg   + . .     SustAt   .     (no shield)
rPois  ∞         Gourm    .     (no helmet)
rElec  +         Spirit   .     (no cloak)
rCorr  .         Warding  .     (no gloves)
rMut   .         Stasis   .     (no boots)
MR     .....                    (no amulet)
Stlth  +.........               (no ring)
                                (no ring)

@: exhausted, slowed, very slow, not resistant to hostile enchantments, very
unstealthy
A: negative energy resistance 1, electricity resistance, unbreathing,
petrification resistance, rot immunity, AC +4
a: Burn Spellbooks, Berserk, Trog's Hand, Renounce Religion


You were on level 3 of the Dungeon.
You worshipped Trog.
Trog was most pleased with you.
You were near starving.

You visited 1 branch of the dungeon, and saw 3 of its levels.

You collected 96 gold pieces.

Inventory:

Hand weapons
 a - a +0 mace (weapon)
Armour
 b - a +0 animal skin (worn)
Scrolls
 d - 6 scrolls of identify {unknown}
 f - a scroll of teleportation {unknown}
 h - a scroll of enchant armour {unknown}
 j - 2 scrolls of remove curse {unknown}
 k - a scroll of blinking {unknown}
 l - a scroll of magic mapping {unknown}
 p - a scroll of noise {unknown}
Potions
 e - a potion of resistance {unknown}
 g - 3 potions of curing {unknown}
 i - a potion of agility {unknown}
 m - a potion of lignification {unknown}
Comestibles
 c - a bread ration
 n - a meat ration
 o - 5 fruits


   Skills:
 + Level 3.9 Fighting
 + Level 4.1 Maces & Flails
 + Level 2.1 Armour
 + Level 3.3 Dodging
 + Level 0.5 Stealth


You had 4 spell levels left.
You didn't know any spells.

Dungeon Overview and Level Annotations

Branches:
Dungeon (3/15)

Altars:
Kikubaaqudgha


Innate Abilities, Weirdness & Mutations

You are resistant to torment.
Your stone body is resilient (AC +4).
You are immune to poison.
You resist negative energy.
You are resistant to electric shocks.
You can survive without breathing.
You are immune to petrification.
You are immune to rotting.


Message History

The kobold hits you but does no damage.
The orc wizard points at you and mumbles some strange words.
The magic dart hits you!
* * * LOW HITPOINT WARNING * * *
The orc hits you but does no damage. The kobold barely misses you.
The worm bites you but does no damage.
You are too injured to fight recklessly!
Unknown command.
You are too injured to fight recklessly!
Unknown command.
You are too injured to fight recklessly!
The orc wizard casts a spell.
The orc wizard blinks!
The orc wizard barely misses you. The worm bites you.
* * * LOW HITPOINT WARNING * * *
The orc barely misses you.
The orc wizard points at you and mumbles some strange words.
You feel as though you will be slow longer.
The orc wizard points at you and mumbles some strange words.
The magic dart hits you!
You die...

###.####.# ####
.........# ....#
.......#.# ....#
#......#.....#
###oo#.#.....#
#..owK..§....# #.
#..#o#)######
#.##..#.#)#
#......@#.##
#..........#
####..####.#
#..####.###...
####..#<.......##
....#..##.###....
#.###.......#.#.
##..#.....#....#
#....####.#....#


You could see a worm, 2 orc wizards, 2 orcs and a kobold.

Vanquished Creatures
  A centaur skeleton (D:3)
  An orc wizard (D:3)
  4 adders (D:2)
  An ooze (D:1)
  A worm (D:2)
  A giant gecko (D:2)
  3 orcs (D:3)
  A giant cockroach (D:1)
  9 hobgoblins
  4 jackals (D:1)
  A quokka (D:2)
  2 ball pythons
  10 bats
  10 goblins
  4 kobolds
  5 rats (D:1)
58 creatures vanquished.

Notes
Turn   | Place    | Note
--------------------------------------------------------------
     0 | D:1      | Malachi the Gargoyle Berserker began the quest for the Orb.
     0 | D:1      | Reached XP level 1. HP: 14/14 MP: 1/1
    88 | D:1      | Reached XP level 2. HP: 9/19 MP: 2/2
   291 | D:1      | Acquired Trog's second power
   603 | D:1      | Reached XP level 3. HP: 23/23 MP: 3/3
  1311 | D:2      | Reached XP level 4. HP: 10/29 MP: 4/4
  1699 | D:2      | Found an ancient bone altar of Kikubaaqudgha.
  1760 | D:3      | Reached XP level 5. HP: 13/33 MP: 5/5
  1943 | D:3      | Reached skill level 4 in Maces & Flails
  2027 | D:3      | HP: 1/33 [worm (4)]
  2029 | D:3      | Killed from afar by an orc wizard

Vault maps used:
D:1:      dpeg_arrival_water_temple_mockup
D:2:      overflow_temple_1_default, kennysheep_generic_room_13
D:3:      nicolae_overflow_hidden_temple, lemuel_doored_altar,
          kennysheep_orc_chapel

Action                   |  1- 3 |  4- 6 || total
-------------------------+-------+-------++-------
Melee: Mace              |   126 |    85 ||   211
Invok: Berserk           |     1 |     2 ||     3
  Eat: Chunk             |     1 |     4 ||     5
